 Dungeon Crawl Stone Soup version 0.29.1-15-g9cfb28693d (webtiles) character file.

Game seed: 6603232748489195972

1335 Peloso the Covered (level 8, -3/105 HPs)
             Began as a Minotaur Fighter on Feb 24, 2023.
             Slain by an ogre
             ... wielding a +0 giant spiked club
              (23 damage)
             ... on level 5 of the Dungeon.
             The game lasted 00:09:36 (6899 turns).

Peloso the Covered (Minotaur Fighter)               Turns: 6899, Time: 00:09:37

Health: -3/105     AC: 13    Str: 22    XL:     8   Next: 35%
Magic:  7/7        EV:  8    Int:  5    God:
Gold:   196        SH:  5    Dex: 11    Spells: 7/7 levels left

rFire   . . .      SeeInvis .   a - +0 long sword
rCold   . . .      Faith    .   d - +0 buckler
rNeg    . . .      Spirit   .   b - +0 chain mail
rPois   .          Reflect  .   (helmet restricted)
rElec   .          Harm     .   e - +0 cloak
rCorr   .          Rampage  .   (no gloves)
Will    .....                   t - +0 pair of boots
Stlth   ..........              (no amulet)
HPRegen 0.27/turn               (no ring)
MPRegen 0.10/turn               (no ring)

@: mighty, berserking, flying, very quick
A: horns 2, retaliatory headbutt
a: no special abilities


You were on level 5 of the Dungeon.
You visited 1 branch of the dungeon, and saw 5 of its levels.

You collected 196 gold pieces.

Inventory:

Hand Weapons
 a - a +0 long sword (weapon)
 c - a +0 hand axe of flaming
Missiles
 y - 2 throwing nets (quivered)
Armour
 b - a +0 chain mail (worn)
 d - a +0 buckler (worn)
 e - a +0 cloak (worn)
 t - a +0 pair of boots (worn)
Jewellery
 n - a ring of magical power
 x - a +6 ring of intelligence
Wands
 o - a wand of digging (6)
Scrolls
 f - 2 scrolls of enchant armour {unknown}
 i - 2 scrolls of poison {unknown}
 k - a scroll of vulnerability {unknown}
 l - a scroll of summoning {unknown}
 q - 2 scrolls of immolation {unknown}
 s - a scroll of blinking {unknown}
 v - a scroll of fear {unknown}
Potions
 g - a potion of might
 h - a potion of magic
 j - a potion of resistance
 m - a potion of invisibility
 p - 2 potions of flight
 r - a potion of heal wounds {unknown}
 u - a potion of berserk rage
 w - a potion of curing {unknown}


   Skills:
 + Level 6.1 Fighting
 + Level 7.2 Long Blades
 + Level 7.9 Armour
 + Level 3.1 Dodging
 + Level 0.6 Stealth
 + Level 5.1 Shields


You had 7 spell levels left.
You didn't know any spells.
Your spell library contained the following spells:

 Spells                   Type           Power      Damage    Failure   Level
 Blink                    Tloc           0%         N/A       100%        2
 Manifold Assault         Tloc           0%         N/A       100%        5
 Storm Form               Tmut/Air       0%         N/A       100%        7


Dungeon Overview and Level Annotations

Branches:
Dungeon (5/15)
 Temple: D:4-7

Altars:

Annotations:
D:4 Dowan


Innate Abilities, Weirdness & Mutations

You have a pair of horns on your head.
You reflexively headbutt those who attack you in melee.


Message History

Unknown command.
You block the gnoll's attack.
Items here: $ )) ? [ ††.
Unknown command.
You slash the gnoll!
The gnoll is severely wounded.
The gnoll hits you with a +0 flail.
* * * LOW HITPOINT WARNING * * *
The gnoll hits you but does no damage.
Unknown command.
You hit the gnoll.
The gnoll is almost dead.
The gnoll barely misses you. You block the gnoll's attack.
The gnoll hits you with a +0 flail!
* * * LOW HITPOINT WARNING * * *
Unknown command.
You closely miss the gnoll.
The gnoll is almost dead.
You block the gnoll's attack. x2
Unknown command.
You hit the gnoll.
You kill the gnoll!
Your attacks no longer feel as feeble.
The gnoll completely misses you. You furiously retaliate!
You headbutt the gnoll!
Unknown command.
It was a potion of flight.
You feel very buoyant.
You fly up into the air.
The gnoll barely misses you.
It was a potion of berserk rage.
A red film seems to cover your vision as you go berserk!
You feel yourself moving faster!
You feel mighty! The gnoll barely misses you.
You slash the gnoll!
You kill the gnoll!
You hit the gnoll.
The gnoll is moderately wounded.
The gnoll barely misses you. You furiously retaliate!
You headbutt the gnoll!!
You kill the gnoll!
The ogre hits you with a +0 giant spiked club!!
You die...

.# ########### .#
#.........# .####.###...#.#
.#........#.#.############
.#..........#.#...........
...##.###.....g...gg#
....#.# #.#.....###.#
#...#.###.....#####.#######.
#.............))@O..........
#....####....######.#######.
#.#..# #.#.## #..# #....#
#.#.# #†## ###..# #.#.# #.#
#..# #.#.# #.# #.#
#..####.#.# #.# #.#
#.........# #.# #.#
#....>....######.###### #.#


You could see an ogre.

Vanquished Creatures
  Pargi (D:3)
  A centaur (D:5)
  2 phantoms (D:5)
  3 scorpions
  3 wights (D:5)
  2 orc priests
  Crazy Yiuf (D:3)
  3 hounds
  A gnoll bouda (D:5)
  Ijyb (D:3)
  Terence (D:2)
  5 iguanas
  3 orc wizards
  2 adders
  7 gnolls
  A shadow imp (D:3)
  A white imp (D:5)
  2 ufetubi (D:5)
  3 worms
  18 orcs
  12 ball pythons
  13 bats
  3 endoplasms
  3 giant cockroaches (D:1)
  9 goblins
  6 hobgoblins
  3 jackals (D:4)
  3 quokkas
  5 frilled lizards
  7 kobolds
  8 rats
133 creatures vanquished.

Vanquished Creatures (others)
  2 fungi (D:1)
  A plant (D:1)
3 creatures vanquished.

Grand Total: 136 creatures vanquished

Notes
Turn   | Place    | Note
-------+----------+-------------------------------------------
     0 | D:1      | Peloso the Minotaur Fighter began the quest for the Orb.
     0 | D:1      | Reached XP level 1. HP: 19/19 MP: 0/0
   309 | D:1      | Reached XP level 2. HP: 27/27 MP: 1/1
   723 | D:1      | Reached XP level 3. HP: 33/33 MP: 2/2
  1014 | D:1      | Found a faded altar of an unknown god.
  1578 | D:2      | Noticed Terence
  1589 | D:2      | Killed Terence
  1590 | D:2      | Reached XP level 4. HP: 6/40 MP: 3/3
  1941 | D:2      | Reached skill level 1 in Dodging
  2575 | D:3      | Noticed Ijyb
  2597 | D:3      | Killed Ijyb
  2987 | D:3      | Reached XP level 5. HP: 39/47 MP: 4/4
  3389 | D:3      | Found a runed translucent door.
  3390 | D:3      | Noticed Crazy Yiuf
  3639 | D:4      | Noticed Pargi
  3655 | D:3      | Reached skill level 5 in Armour
  3855 | D:3      | Killed Pargi
  3856 | D:3      | Reached XP level 6. HP: 35/53 MP: 5/5
  4205 | D:4      | Reached skill level 5 in Long Blades
  4694 | D:4      | Reached XP level 7. HP: 50/60 MP: 6/6
  5022 | D:4      | Reached skill level 5 in Fighting
  5418 | D:4      | Noticed Dowan
  5587 | D:3      | Paralysed by Crazy Yiuf for 3 turns
  5593 | D:3      | Killed Crazy Yiuf
  5914 | D:5      | Entered Level 5 of the Dungeon
  6510 | D:5      | Reached XP level 8. HP: 69/69 MP: 7/7
  6859 | D:5      | Reached skill level 5 in Shields
  6899 | D:5      | Slain by an ogre

Illustrated notes

Levels and vault maps discovered:
D:1:      dpeg_arrival_subterranean_lakeside_camping, layout_basic,
          shapermc_ecumenical_altar_petra
D:2:      layout_loops_ring, uniq_terence
D:3:      layout_loops_ring, minmay_misc_feat_iff, minmay_misc_feat_rows,
          serial_bayou_lagoon_a, uniq_ijyb, uniq_crazy_yiuf_cottage
D:4:      layout_rooms, uniq_pargi, uniq_duvessa, uniq_menkaure
D:5:      layout_loops_ring

Skill      XL: |  1  2  3  4  5  6  7  8 |
---------------+-------------------------+-----
Fighting       | 4 5 6 |  6.1
Shields        | 4 5 |  5.1
Long Blades    | 3 4 5 6 7 |  7.2
Armour         | 4 5 6 7 |  7.9
Dodging        | 1 3 |  3.1
Stealth        | |  0.6

Action                   |  1- 3 |  4- 6 |  7- 9 || total
-------------------------+-------+-------+-------++-------
Melee: Long sword        |    98 |   167 |   172 ||   437
       Headbutt          |    14 |    21 |    34 ||    69
  Use: Scroll            |       |       |     3 ||     3
       Potion            |       |       |     3 ||     3
Armor: Scale mail        |    56 |    87 |    17 ||   160
       Chain mail        |       |       |    77 ||    77
Dodge: Dodged            |    54 |   105 |    61 ||   220
Block: Buckler           |    25 |    38 |    40 ||   103
